 Dungeon Crawl Stone Soup version 0.31-a0-940-gdaa99269f9 (webtiles) character file.

Game seed: 17233436281530177357

858 Sanktem7 the Chopper (level 7, 0/61 HPs)
             Began as a Minotaur Fighter on Oct 21, 2023.
             Was an Initiate of Okawaru.
             Slain by a black bear (3 damage)
             ... on level 6 of the Dungeon.
             The game lasted 00:08:10 (4542 turns).

Sanktem7 the Chopper (Minotaur Fighter)             Turns: 4542, Time: 00:08:10

Health: 0/61       AC: 14    Str: 23    XL:     7   Next: 71%
Magic:  6/6        EV:  9    Int:  5    God:    Okawaru [......]
Gold:   253        SH: 10    Dex:  9    Spells: 6/6 levels left

rFire   x . .        w - +2 war axe (heavy) {axe}
rCold   + + .        c - +0 buckler
rNeg    . . .        I - +0 ice dragon scales
rPois   .            (helmet restricted)
rElec   .            (no cloak)
rCorr   .            s - +0 pair of gloves
SInv    .            a - +1 pair of boots {Fly}
Will    .....        l - amulet of reflection Stlth
                     h - ring of flight
HPRegen 0.30/turn    (no ring)
MPRegen 0.10/turn

%: reflection
@: flying
A: horns 2, retaliatory headbutt
a: Renounce Religion


You were on level 6 of the Dungeon.
You worshipped Okawaru.
Okawaru was noncommittal.
You visited 2 branches of the dungeon, and saw 7 of its levels.

You collected 253 gold pieces.


Innate Abilities, Weirdness & Mutations

You have a pair of horns on your head.
You reflexively headbutt those who attack you in melee.


   Skills:
 + Level 5.6 Fighting
 * Level 6.5 Axes
 + Level 3.3 Throwing
 + Level 5.4 Armour
 + Level 5.5 Shields


You had 6 spell levels left.
You didn't know any spells.
Your spell library contained the following spells:

 Spells                   Type           Power      Damage    Failure   Level
 Sandblast                Erth           0%         2d4       88%         1
 Passwall                 Tmut/Erth      0%         N/A       95%         2
 Inner Flame              Hex/Fire       0%         N/A       99%         3
 Stone Arrow              Conj/Erth      0%         3d7       99%         3
 Brom's Barrelling Bould  Conj/Erth      0%         2d3       100%        4
 Yara's Violent Unravell  Hex/Tmut       0%         3d3       100%        5
 Enfeeble                 Hex            0%         N/A       100%        7

Inventory:

Hand Weapons
 r - a +0 broad axe {axe}
   (You found it on level 3 of the Dungeon)
 w - a +2 heavy war axe (weapon) {axe}
   (You took it off an orc on level 3 of the Dungeon)
 F - a +2 heavy flail {mace}
   (You took it off an orc on level 5 of the Dungeon)
Missiles
 j - 6 poisoned darts {throwing}
 A - 4 boomerangs {throwing}
Armour
 a - a +1 pair of boots of flying (worn)
   (You acquired it on level 5 of the Dungeon)
 c - a +0 buckler (worn)
 n - a +0 plate armour
   (You found it on level 1 of the Dungeon)
 s - a +0 pair of gloves (worn)
   (You found it on level 3 of the Dungeon)
 I - +0 ice dragon scales (worn)
   (You found it on level 5 of the Dungeon)
Jewellery
 h - a ring of flight (left hand)
   (You found it on level 1 of the Dungeon)
 l - an amulet of reflection (around neck)
   (You found it on level 1 of the Dungeon)
Wands
 t - a wand of charming (7)
   (You found it on level 4 of the Dungeon)
 x - a wand of flame (23)
   (You took it off an orc on level 3 of the Dungeon)
Scrolls
 i - a scroll of immolation {!r!r}
 k - a scroll of identify {@r1}
 m - 2 scrolls of teleportation {@r4}
 o - 4 scrolls of fear
 q - 2 scrolls of blinking {!r}
 v - 2 scrolls of vulnerability {!r!r}
Potions
 b - a potion of degeneration {!q@e2}
 d - a potion of might
 e - a potion of brilliance {unknown}
 f - a potion of heal wounds {@q2}
 g - 2 potions of curing {@q1}
 p - a potion of haste {@q3}
 B - 2 potions of mutation {unknown}
 G - a potion of ambrosia {unknown}

Dungeon Overview and Level Annotations

Branches:
Dungeon (6/15) Zot: 26873  Temple (1/1) D:5 Zot: 5971

Altars:
Cheibriados
Dithmenos
Elyvilon
Fedhas
Gozag
Hepliaklqana
Kikubaaqudgha
Makhleb
Nemelex Xobeh
Okawaru
Qazlal
Ru
Sif Muna
Uskayaw
Vehumet
Wu Jian
Xom
Yredelemnul
The Shining One

..... #).) ##...#### ##..#
##.......## ########(..#
#......#..###gJ........#
..........g..g.........#
#...........#####........#
...........## ##........
..........h.# ##.......
..........@.# #.......
............+ #.......
............+ #.......
............# ##.......
#...........## ##........
.......).....#####.........
...........................
###.....).....#...........#
####...###..##.........##


You could see a black bear and a gnoll sergeant.


Message History

You block the gnoll's attack. x2
A gnoll comes into view. It is wielding a +0 club.
The gnoll hits you from afar with a +0 spear. x2
The gnoll moves out of view. 😕 HP[-9]
You take 9 damage, and now have 49/61 hp.
You block the gnoll's attack.
The gnoll sergeant hits you from afar with a +0 trident of protection! 😮 HP[-7]
You take 7 damage, and now have 42/61 hp.
You are too injured to fight recklessly!
You are too injured to fight recklessly!
You are too injured to fight recklessly!
You are too injured to fight recklessly!
You are too injured to fight recklessly!
You are too injured to fight recklessly!
You are too injured to fight recklessly!
You are too injured to fight recklessly!
You are too injured to fight recklessly!
You are too injured to fight recklessly!
You are too injured to fight recklessly!
You are too injured to fight recklessly!
You are too injured to fight recklessly!
You are too injured to fight recklessly!
You are too injured to fight recklessly!
You are too injured to fight recklessly!
You are too injured to fight recklessly!
You are too injured to fight recklessly!
You are too injured to fight recklessly!
You are too injured to fight recklessly!
Unknown command.
The gnoll shouts!
You hit the gnoll but do no damage. You headbutt the gnoll!
You kill the gnoll!
Okawaru accepts your kill.
You hit the gnoll. You slice the gnoll!!
You kill the gnoll!
Okawaru accepts your kill. The gnoll hits you with a +0 spear.
A jelly comes into view.
The gnoll sergeant hits you from afar with a +0 trident of protection.
You block the gnoll's attack.
The gnoll sergeant hits you from afar with a +0 trident of protection!
* * * LOW HITPOINT WARNING * * *
😨 HP[-19]
You take 19 damage, and now have 23/61 hp.
MASSIVE DAMAGE!! (PAUSE)
The jelly quivers.
You slice the gnoll!!
You kill the gnoll!
Okawaru accepts your kill. You block the gnoll sergeant's attack.
The black bear bites you but does no damage.
The black bear claws you but does no damage. x2
The gnoll sergeant hits you from afar with a +0 trident of protection!
* * * LOW HITPOINT WARNING * * *
😱 HP[-11]
You take 11 damage, and now have 12/61 hp.
The black bear attacks as it pursues you!
You block the black bear's attack. The black bear barely misses you.
You block the black bear's attack.
You see here 9 stones {throwing}. 😱 HP[+1]
The gnoll attacks as it pursues you! The gnoll hits you but does no damage.
The black bear attacks as it pursues you!
The black bear barely misses you. You block the black bear's attack.
The black bear claws you.
* * * LOW HITPOINT WARNING * * *
The gnoll sergeant attacks as it pursues you!
You block the gnoll sergeant's attack. 😱 HP[-3]
You take 3 damage, and now have 10/61 hp. 😱 HP[+1]
The gnoll attacks as it pursues you! You block the gnoll's attack.
The black bear attacks as it pursues you!
The black bear closely misses you.
You block the black bear's attack. x2 😱 HP[+1]
The black bear attacks as it pursues you!
The black bear bites you but does no damage.
The black bear claws you.
* * * LOW HITPOINT WARNING * * *
The black bear claws you.
* * * LOW HITPOINT WARNING * * *
The gnoll attacks as it pursues you! The gnoll barely misses you. 😱 HP[-2]
You take 2 damage, and now have 10/61 hp.
The jelly jiggles.
The black bear attacks as it pursues you!
The black bear bites you.
* * * LOW HITPOINT WARNING * * *
You block the black bear's attack. The black bear claws you.
* * * LOW HITPOINT WARNING * * *
😱 HP[-8]
You take 8 damage, and now have 2/61 hp.
The black bear attacks as it pursues you!
The black bear barely misses you. You block the black bear's attack.
The black bear closely misses you.
The black bear attacks as it pursues you!
You block the black bear's attack. The black bear claws you.
You die...

Skill      XL: |  1  2  3  4  5  6  7 |
---------------+----------------------+-----
Axes           | 3 4 5 6 |  6.5
Fighting       | 4 5 |  5.6
Shields        | 4 5 |  5.5
Armour         | 4 5 |  5.4
Throwing       | 1 2 3 |  3.3

Action                     |  1- 3 |  4- 6 |  7- 9 || total
---------------------------+-------+-------+-------++-------
  Melee: War axe           |    86 |    25 |    12 ||   123
         Headbutt          |    10 |    33 |     7 ||    50
         Broad axe         |       |   144 |    28 ||   172
    Use: Potion            |       |     1 |       ||     1
         Scroll            |       |       |    13 ||    13
 Armour: Scale mail        |    34 |       |       ||    34
         Plate armour      |    24 |   146 |    18 ||   188
         Ice dragon scales |       |       |    27 ||    27
  Dodge: Dodged            |    34 |    43 |    16 ||    93
  Block: Buckler           |    31 |    94 |    32 ||   157
         Reflection        |       |     2 |     1 ||     3

Levels and vault maps discovered:
D:1:      heliophobic_arrival_battle_scene, layout_basic, kennysheep_nondescript
D:2:      layout_loops_ring
D:3:      minmay_roachtagon, layout_basic, xom_confusion_cloud, wad_orctagon
D:4:      layout_cave_pods, uniq_blork_the_orc
D:5:      layout_rooms, minitemple, minmay_temple_entry_arrows
D:6:      layout_cave_pods, serial_shops, nicolae_diamond_shop,
          serial_gnoll_camp, gnoll_camp_mini_house, gnoll_camp_mini_hut,
          gnoll_camp_mini_hut, gnoll_camp_mini_house, roderic_nine_men_s_morris,
          uniq_grinder
Temple:   nicolae_temple_god_jail

Notes
Turn   | Place    | Note
-------+----------+-------------------------------------------
     0 | D:1      | Sanktem7 the Minotaur Fighter began the quest for the Orb.
     0 | D:1      | Reached XP level 1. HP: 19/19 MP: 0/0
     0 | D:1      | magus.rc [v1.9.6]
   113 | D:1      | Reached XP level 2. HP: 22/27 MP: 1/1
   217 | D:1      | Reached skill level 3 in Axes
   356 | D:1      | Reached XP level 3. HP: 33/33 MP: 2/2
   517 | D:1      | Reached skill level 4 in Fighting
   696 | D:1      | Reached skill level 4 in Shields
   842 | D:2      | Reached skill level 4 in Armour
   899 | D:2      | You pick up a book of Misfortune and begin reading...
   899 | D:2      | You add the spells Inner Flame, Yara's Violent Unravelling
                  | and Enfeeble to your library.
   911 | D:2      | Reached skill level 1 in Throwing
  1038 | D:2      | Reached XP level 4. HP: 18/40 MP: 3/3
  1043 | D:2      | Reached skill level 4 in Axes
  1471 | D:2      | You are sucked into a shaft and drop 1 floor!
  1671 | D:3      | Reached XP level 5. HP: 47/47 MP: 4/4
  2119 | D:3      | Found a shimmering altar of Xom.
  2522 | D:4      | Reached skill level 2 in Throwing
  2601 | D:4      | Noticed Blork the orc
  2611 | D:4      | Killed Blork the orc
  2612 | D:4      | Reached skill level 5 in Axes
  2612 | D:4      | Reached XP level 6. HP: 23/55 MP: 5/5
  2836 | D:4      | You pick up a book of Geomancy and begin reading...
  2836 | D:4      | You add the spells Sandblast, Passwall, Stone Arrow and
                  | Brom's Barrelling Boulder to your library.
  3429 | D:5      | Entered Level 5 of the Dungeon
  3469 | D:5      | HP: 9/55 [poisoned by an orc]
  3470 | D:5      | HP: 4/55 [poisoned by an orc]
  3471 | D:5      | Reached skill level 5 in Fighting
  3910 | D:5      | Reached skill level 5 in Armour
  3910 | D:5      | Reached skill level 5 in Shields
  3910 | D:5      | Reached XP level 7. HP: 61/61 MP: 6/6
  3952 | D:5      | Found a staircase to the Ecumenical Temple.
  3971 | Temple   | Entered the Ecumenical Temple
  3986 | Temple   | Became a worshipper of Warmaster Okawaru
  4081 | D:5      | Found a sacrificial altar of Ru.
  4085 | D:5      | Reached skill level 6 in Axes
  4086 | D:5      | Reached skill level 3 in Throwing
  4204 | D:5      | Found a sparkling altar of Nemelex Xobeh.
  4207 | D:5      | Found a shadowy altar of Dithmenos.
  4208 | D:5      | Found a snail-covered altar of Cheibriados.
  4209 | D:5      | Found an ancient bone altar of Kikubaaqudgha.
  4302 | D:5      | Identified a scroll of acquirement
  4302 | D:5      | Acquired a +1 pair of boots of flying
  4526 | D:6      | HP: 12/61 [gnoll sergeant/+0 trident of protection (12)]
  4536 | D:6      | HP: 11/61 [black bear (1)]
  4539 | D:6      | HP: 5/61 [black bear (6)]
  4539 | D:6      | HP: 2/61 [black bear (3)]
  4542 | D:6      | Slain by a black bear

Vanquished Creatures
  A water moccasin (D:5)
  A phantom (D:5)
  Blork the orc (D:4)
  A hound (D:5)
  2 orc priests (D:5)
  A gnoll bouda (D:5)
  A sleepcap (D:4)
  An iguana (D:5)
  3 orc wizards (D:5)
  14 gnolls
  6 adders
  A shadow imp (D:6)
  2 worms
  6 dart slugs
  21 orcs
  7 ball pythons
  10 endoplasms
  13 giant cockroaches
  12 goblins
  4 hobgoblins
  3 jackals (D:1)
  7 kobolds
  5 quokkas
  9 bats
  6 frilled lizards
  5 rats
143 creatures vanquished.

Vanquished Creatures (others)
  A worm (D:3)
  A rat (D:3)
2 creatures vanquished.

Grand Total: 145 creatures vanquished

Table legend:
 A = Non-vault XP
 B = Vault XP
 C = Vault XP percentage of total XP
 D = Non-vault monster count
 E = Vault monster count
 F = Vault count percentage of total count
                 A         B        C        D         E       F
            +---------+---------+-------+---------+---------+-------
      Total |    1024 |     203 |  16.5 |     117 |      26 |  18.2
            +---------+---------+-------+---------+---------+-------
        D:1 |      53 |       0 |   0.0 |      30 |       0 |   0.0
        D:2 |     119 |       0 |   0.0 |      26 |       0 |   0.0
        D:3 |      42 |      60 |  58.8 |      15 |      22 |  59.5
        D:4 |      85 |     100 |  54.1 |      16 |       1 |   5.9
        D:5 |     672 |       0 |   0.0 |      26 |       0 |   0.0
        D:6 |      53 |      43 |  44.8 |       4 |       3 |  42.9
            +---------+---------+-------+---------+---------+-------

Skill      XL: |  1  2  3  4  5  6  7 |
---------------+----------------------+-----
Axes           | 3 4 5 6 |  6.5
Fighting       | 4 5 |  5.6
Shields        | 4 5 |  5.5
Armour         | 4 5 |  5.4
Throwing       | 1 2 3 |  3.3

Action                     |  1- 3 |  4- 6 |  7- 9 || total
---------------------------+-------+-------+-------++-------
  Melee: War axe           |    86 |    25 |    12 ||   123
         Headbutt          |    10 |    33 |     7 ||    50
         Broad axe         |       |   144 |    28 ||   172
    Use: Potion            |       |     1 |       ||     1
         Scroll            |       |       |    13 ||    13
 Armour: Scale mail        |    34 |       |       ||    34
         Plate armour      |    24 |   146 |    18 ||   188
         Ice dragon scales |       |       |    27 ||    27
  Dodge: Dodged            |    34 |    43 |    16 ||    93
  Block: Buckler           |    31 |    94 |    32 ||   157
         Reflection        |       |     2 |     1 ||     3

Illustrated notes

Table legend:
 A = Kills in this place as a percentage of kills in the entire game.
 B = Kills by you in this place as a percentage of kills by you in the entire game.
 C = Kills by friends in this place as a percentage of kills by friends in the entire game.
 D = Other kills in this place as a percentage of other kills in the entire game.
 E = Experience gained in this place as a percentage of experience gained in the entire game.
 F = Experience gained in this place divided by the number of levels of this place that you have seen.
                   A       B       C       D       E      F
               +-------+-------+-------+-------+-------+----------------------
         Total | 100.0 | 100.0 |   N/A |   N/A | 100.0 | 175.3
       Dungeon | 100.0 | 100.0 |   N/A |   N/A | 100.0 | 204.5
               +-------+-------+-------+-------+-------+----------------------

Table legend: (Time is in decaauts)
 A = Elapsed time spent in this place.
 B = Non-inter-level travel time spent in this place.
 C = Inter-level travel time spent in this place.
 D = Time resting spent in this place.
 E = Time spent auto-exploring this place.
 F = Levels seen in this place.
 G = Mean time per level.
                   A        B        C        D        E       F      G
               +--------+--------+--------+--------+--------+-----+--------+
         Total |   4658 |   4473 |    185 |      0 |   3608 |   7 |  665.4 |
       Dungeon |   4629 |   4444 |    185 |      0 |   3608 |   6 |  771.5 |
        Temple |     28 |     28 |      0 |      0 |      0 |   1 |   28.0 |
               +--------+--------+--------+--------+--------+-----+--------+

Top non-repeatable levels by time:
     D:4: 1068 daAuts
     D:5: 990 daAuts
     D:3: 904 daAuts
     D:1: 861 daAuts
     D:2: 679 daAuts
     D:6: 125 daAuts
  Temple: 28 daAuts
